Unix NetHack Version 5.0.0-0 post-release - last build May 23 2026 06:08:33 (1c0ff79ee797540d5714e4e18072db0edd9e58ae,branch:main).

Game began 2026-05-25 20:31:47, ended 2026-05-25 20:37:58.

Brudee, chaotic female human Tourist

         --------       ------       --------
         |).[..%|       |..$..#      |......|              ----------------
         |.*.)..|       |....|#######|......|             #...............|
         |.)%..%|       |.....#####)#.......|             #|..............|
         |..[+%.|      #+....|      #|......|             #|..............|
         |...@@.|    ###|....|      #|......|             #-----+----------
         -----|--    # #-...`|      #|......|             ##    ####
              #    #####------      #-----.--              ##      ####
              #    # #      #       #########               #         #
              #  ### #                      #               #    -----.-------
              #  #   #                      #               #    |...........|
              #  #                          ###             ##   |...........|
            --.--#                      ------.---           #   |...........|
            |{.>|#                      |...)%...+##    -----####+...........|
            |(..-#          ----        |........| # ###|....#   |...........|
            |...|           |..|        |..%..%..+####  |...|#   -------------
            |...|           |..|        ----------   ###....|#
            -----           ----                        -----#
                                                          #
Brudee the Sightseer        St:16 Dx:8 Co:15 In:14 Wi:8 Ch:14  Chaotic S:7982
Dlvl:2  $:0  HP:0(36) Pw:14(14) AC:9  Xp:4/159 T:492 

Latest messages:
 You see here a yellow potion (for sale, 133 zorkmids).
 "For you, most gracious lady; only 133 zorkmids for this yellow potion."
 E - a yellow potion (unpaid, 133 zorkmids).
 You see here a magenta potion (for sale, 400 zorkmids).
 "For you, esteemed lady; only 400 zorkmids for this magenta potion."
 F - a magenta potion (unpaid, 400 zorkmids).
 What do you want to wield? [- a or ?*] F
 F - a magenta potion (wielded) (unpaid, 400 zorkmids).
 Maganasipi says "You be careful with my magenta potion!"
 What do you want to wield? [- a or ?*] F
 You are already wielding that!
 What do you want to zap? [y or ?*] ?
 Nothing happens.
 What do you want to drop? [$a-ps-zABD-F or ?*] y
 You drop a redwood wand.
 Maganasipi offers 67 gold pieces for your redwood wand.  Sell it? [ynaq] (n) y
 You sold a redwood wand for 67 gold pieces.
 You hear the footsteps of a guard on patrol.
 What do you want to put on? [wD or ?*] w
 Which ring-finger, Right or Left? [rl] r
 w - a wire ring (on right hand) (unpaid, 200 zorkmids).
 You don't have anything to zap.
 What do you want to use or apply? [bmnz or ?*] ?
 In what direction? l
 Maganasipi is blinded by the flash!
 Maganasipi gets angry!
 Welcome to experience level 4.
 Maganasipi drinks a potion of healing!
 Maganasipi can see again.
 Maganasipi looks better.
 Maganasipi zaps a runed wand!
 The wand misses you.
 You begin bashing monsters with Maganasipi's magenta potion.
 You miss Maganasipi.
 Maganasipi zaps a runed wand!
 The wand hits you!
 Maganasipi zaps a wand of striking!
 The wand misses you.
 You miss Maganasipi.
 Maganasipi zaps a wand of striking!
 The wand hits you!
 Maganasipi zaps a wand of striking!
 The wand hits you!
 You miss Maganasipi.
 Maganasipi zaps a wand of striking!
 The wand hits you!
 You die...
 Maganasipi takes all your possessions.
 Do you want to see what you had when you died? [ynq] (y) y
 Do you want to see your attributes? [ynq] (y) q

Inventory:
 Amulets  ('"')
  D - a cursed amulet of strangulation
 Weapons  (')')
  a - 35 +2 darts (at the ready)
 Armor    ('[')
  s - a cursed +0 helm of opposite alignment (being worn)
  v - an uncursed very burnt +0 pair of gauntlets of dexterity
  l - a blessed +0 Hawaiian shirt with a giant eel motif (being worn)
 Comestibles  ('%')
  d - 4 uncursed slime molds
  e - an uncursed candy bar labeled "Crispy Yum Yum"
  f - an uncursed clove of garlic
  b - 2 uncursed cream pies
  c - 5 uncursed food rations
  p - an uncursed fortune cookie
  g - an uncursed tin of boiled kobold meat
 Scrolls  ('?')
  t - an uncursed scroll of create monster
  A - an uncursed scroll of enchant weapon
  o - an uncursed scroll of fire
  u - an uncursed scroll of light
  j - a blessed scroll of magic mapping
  k - 2 uncursed scrolls of magic mapping
  x - an uncursed scroll of remove curse
  B - an uncursed scroll of teleportation
 Potions  ('!')
  E - an uncursed potion of confusion
  h - a blessed potion of extra healing
  i - an uncursed potion of extra healing
  F - an uncursed potion of gain ability (wielded)
 Rings    ('=')
  w - an uncursed ring of cold resistance (on right hand)
 Tools    ('(')
  n - an uncursed credit card
  m - an expensive camera (0:68)
  z - a tinning kit (0:55)

Brudee the Tourist's attributes:

Background:
 You were a Sightseer, a level 4 female human Tourist.
 You were chaotic, temporarily on a mission for Offler
 who was opposed by Blind Io (lawful) and The Lady (neutral).
 You were actually neutral.
 You were right-handed.
 You were in the Dungeons of Doom, on level 2.
 You entered the dungeon 492 turns ago.
 You had 159 experience points, 1 more was needed to attain level 5.
 Your score was 7982 before end-of-game adjustments.

Basics:
 You had 0 out of 36 hit points.
 You had all 14 energy points (spell power).
 Your armor class was 9.
 Your wallet was empty.
 Autopickup was on, but temporarily disabled while inside the shop.

Final Characteristics:
 Your strength was 16 (limit:18/100).
 Your dexterity was 8 (limit:18).
 Your constitution was 15 (limit:18).
 Your intelligence was 14 (limit:18).
 Your wisdom was 8 (limit:18).
 Your charisma was 14 (limit:18).

Final Status:
 You weren't hungry.
 You were unencumbered.
 You were wielding a potion.

Final Attributes:
 You had strayed.
 You were cold resistant.
 Your items were protected from cold.
 You are dead.

Miscellaneous:
 You didn't encounter any bones levels.
 Total elapsed playing time was 6 minutes and 9 seconds.

Major events:
 Turn
    1: Brudee the neutral female human Tourist entered the dungeon
  369: attained the rank of Sightseer (level 3)
  492: killed by a wand

You didn't know any spells.

Skills:
 Fighting Skills
   bare handed combat [Unskilled]
   two weapon combat  [Unskilled]
   riding             [Unskilled]
 Weapon Skills
   dagger             [Unskilled]
   knife              [Unskilled]
   axe                [Unskilled]
   pick-axe           [Unskilled]
   short sword        [Unskilled]
   broadsword         [Unskilled]
   long sword         [Unskilled]
   two-handed sword   [Unskilled]
   saber              [Unskilled]
   mace               [Unskilled]
   morning star       [Unskilled]
   flail              [Unskilled]
   hammer             [Unskilled]
   quarterstaff       [Unskilled]
   polearms           [Unskilled]
   spear              [Unskilled]
   trident            [Unskilled]
   lance              [Unskilled]
   bow                [Unskilled]
   sling              [Unskilled]
   crossbow           [Unskilled]
   dart               [Basic]
   shuriken           [Unskilled]
   boomerang          [Unskilled]
   whip               [Unskilled]
   unicorn horn       [Unskilled]
 Spellcasting Skills
   divination spells  [Unskilled]
   enchantment spells [Unskilled]
   escape spells      [Unskilled]

Voluntary challenges:
 Character rerolling was not enabled.
 You never hit with a wielded weapon.
 You never genocided any monsters.
 You never polymorphed an object.
 You never changed form.
 You used no wishes.
Achievements:
 You attained the rank of Sightseer.
 You entered a shop.

 The Dungeons of Doom: levels 1 to 2
    Level 1:
       An altar, a sink.
    Level 2: <- You were here.
       A general store, a fountain.
       Final resting place for
          you, killed by a wand.


Vanquished creatures:
  a little dog
  a goblin
  2 grid bugs
  a lichen
  4 newts
9 creatures vanquished.

No species were genocided or became extinct.

Game over:
                       ----------
                      /          \
                     /    REST    \
                    /      IN      \
                   /     PEACE      \
                  /                  \
                  |      Brudee      |
                  |       0 Au       |
                  | killed by a wand |
                  |                  |
                  |                  |
                  |                  |
                  |       2026       |
                 *|     *  *  *      | *
        _________)/\\_//(\/(/\)/\//\/|_)_______

Aloha Brudee the Tourist...

You died in The Dungeons of Doom on dungeon level 2 with 7982 points,
and 0 pieces of gold, after 492 moves.
You were level 4 with a maximum of 36 hit points when you died.

